Map: Pillars of Gold LE

Players

AGOElazer (Elazer)

  • Race: Zerg Zerg
  • League: Master
  • Spawn Location: 7:00

Geralt (Gerald) - Winner!

  • Race: Protoss Protoss
  • League: Grandmaster
  • Spawn Location: 1:00

Event: DreamHack SC2 Masters 2020 Fall

VOD

Have the link to the VOD?

Description

Time

  • Played on: Sept. 10, 2020, 1:40 p.m.
  • Length: 7:11

All games in this series

Show
View Real Time Build Order
Export as new Build Order

AGOElazer Zerg 

Build Orders: Hatch First 

Get SALT Encoding   

  12  0:00  Drone  
  13  0:12  Overlord  
  13  0:17  Drone  
  14  0:30  Drone x2  
  16  0:50  Hatchery  
  16  0:52  Drone  
  16  0:56  Drone  
  17  1:00  Drone  
  18  1:09  Extractor  
  17  1:15  Spawning Pool  
  16  1:18  Drone  
  16  1:22  Drone  
  18  1:28  Drone  
  19  1:38  Drone  
  20  1:49  Drone  
  21  2:02  Queen x2  
  21  2:03  Overlord, Zergling x2  
  26  2:13  Zergling x2  
  26  2:14  Drone  
  28  2:23  Drone  
  28  2:24  Drone  
  30  2:32  Hatchery  
  30  2:34  Drone  
  30  2:36  Drone  
  31  2:43  Queen  
  33  2:49  Metabolic Boost  
  33  2:53  Overlord  
  33  2:56  Drone  
  34  2:58  Drone  
  34  3:00  Drone  
  36  3:07  Overlord  
  36  3:11  Drone x3  
  39  3:15  Drone  
  40  3:20  Queen  
  40  3:23  Drone  
  40  3:24  Drone  
  44  3:35  Drone x2  
  44  3:38  Spore Crawler  
  44  3:41  Drone x4  
  49  3:43  Overlord  
  49  3:50  Drone x3  
  49  3:52  Spore Crawler  
  49  3:53  Spore Crawler  
  50  3:59  Queen  
  50  4:01  Zergling x2  
  50  4:02  Zergling x2  
  54  4:03  Zergling x2  
  54  4:05  Drone  
  54  4:07  Drone x2  
  58  4:12  Overlord  
  58  4:13  Zergling x2  
  58  4:15  Zergling x2  
  59  4:20  Queen  
  62  4:24  Zergling x8  
  62  4:30  Drone x4  
  66  4:33  Drone x2  
  66  4:35  Drone  
  67  4:40  Drone x2  
  67  4:44  Drone x2  
  71  4:48  Drone x2  
  71  4:50  Lair  
  71  4:52  Extractor  
  72  4:53  Extractor, Overlord  
  72  4:54  Drone x2  
  72  4:58  Drone  
  73  5:02  Overlord  
  73  5:05  Overlord x2  
  73  5:11  Extractor  
  72  5:17  Drone  
  72  5:19  Zergling x2  
  72  5:20  Zergling x10  
  78  5:23  Drone x3, Overlord  
  78  5:27  Drone x3  
  84  5:35  Drone x3  
  87  5:36  Drone  
  87  5:40  Drone x2  
  87  5:41  Extractor  
  89  5:43  Baneling Nest  
  89  5:45  Drone x3  
  89  5:49  Hydralisk Den, Overseer  
  90  5:50  Pneumatized Carapace  
  90  5:52  Overlord  
  90  5:55  Drone x5  
  94  5:58  Extractor  
  94  6:03  Evolution Chamber  
  92  6:04  Evolution Chamber, Overlord  
  92  6:05  Zergling x8  
  92  6:10  Zergling x2  
  95  6:13  Zergling x2  
  95  6:14  Zergling x6  
  90  6:19  Overlord  
  86  6:26  Hydralisk  
  86  6:27  Baneling x3  
  86  6:28  Baneling  
  86  6:29  Baneling  
  86  6:30  Baneling  
  86  6:31  Baneling  
  84  6:35  Baneling  
  55  6:57  Drone  
  55  6:59  Drone  
Show
View Real Time Build Order
Export as new Build Order

Geralt Protoss - Winner!

Build Orders: 1 Gate Expand, Oracle Opening 

Get SALT Encoding   

  12  0:00  Probe  
  13  0:12  Probe  
  14  0:20  Pylon  
  14  0:24  Probe  
  15  0:29  Assimilator  
  15  0:38  Probe (Chrono Boost)  
  16  0:44  Gateway  
  16  0:48  Probe (Chrono Boost)  
  17  0:55  Probe  
  18  1:07  Probe  
  19  1:19  Probe  
  20  1:28  Nexus  
  20  1:37  Cybernetics Core  
  20  1:41  Probe  
  20  1:46  Assimilator  
  21  1:53  Probe  
  22  1:56  Pylon  
  22  2:05  Probe  
  23  2:15  Adept (Chrono Boost)  
  23  2:16  Stargate  
  23  2:17  Probe  
  26  2:27  Warp Gate  
  26  2:29  Probe  
  27  2:37  Stalker (Chrono Boost)  
  27  2:40  Probe  
  27  2:41  Probe  
  31  2:52  Probe  
  31  2:54  Probe  
  33  3:00  Oracle (Chrono Boost)  
  33  3:04  Probe  
  37  3:07  Adept  
  37  3:09  Probe  
  40  3:13  Gateway  
  40  3:16  Probe  
  41  3:21  Probe  
  41  3:23  Pylon  
  42  3:32  Oracle (Chrono Boost)  
  42  3:37  Probe  
  46  3:41  Probe  
  46  3:44  Pylon  
  47  3:50  Assimilator  
  47  4:00  Twilight Council, Probe  
  47  4:01  Probe  
  49  4:06  Gateway x2  
  49  4:12  Probe  
  49  4:13  Probe  
  51  4:18  Pylon  
  51  4:24  Pylon, Probe  
  52  4:33  Resonating Glaives (Chrono Boost)  
  52  4:35  Nexus  
  52  4:36  Probe  
  53  4:42  Adept  
  55  4:49  Adept  
  55  4:50  Probe  
  58  4:53  Probe  
  58  4:57  Pylon  
  58  5:02  Adept x2  
  62  5:07  Adept  
  62  5:11  Adept, Probe x2  
  68  5:18  Pylon  
  68  5:23  Adept x2, Probe  
  68  5:25  Probe  
  68  5:27  Assimilator  
  74  5:35  Adept, Probe  
  75  5:36  Adept  
  75  5:37  Probe  
  80  5:43  Pylon  
  80  5:46  Adept x2  
  80  5:47  Probe  
  80  5:48  Probe  
  80  5:49  Probe  
  87  5:59  Robotics Facility x2, Probe  
  87  6:00  Probe  
  87  6:02  Adept  
  91  6:05  Probe  
  92  6:11  Probe  
  92  6:13  Probe  
  91  6:37  Probe  
  91  6:38  Adept x4  
  97  6:45  Probe  
  96  6:50  Probe  
  96  6:52  Probe  
  80  6:55  Assimilator  
  80  6:57  Probe  
  80  6:59  Assimilator  
  77  7:02  Gateway  
  77  7:03  Gateway  
  77  7:04  Pylon  
  77  7:05  Gateway x2  

Tags
 
Add a new tag
Caveats
  • Supply blocks, unpowered buildings, or Contaminate may cause inaccurate times.
  • Supply counts are checked every 10 seconds.